 Dungeon Crawl Stone Soup version 0.24.0-125-gc4c63601f3 (webtiles) character file.

Game seed: 2253207624331060877, levelgen mode: deterministic

93086 Peloso the Peltast (level 15, -13/136 HPs)
             Began as a Minotaur Fighter on Mar 18, 2020.
             Was the Champion of Okawaru.
             Mangled by a harpy (18 damage)
             ... summoned by Kirke
             ... on level 13 of the Dungeon.
             The game lasted 01:10:45 (23643 turns).

Peloso the Peltast (Minotaur Fighter)              Turns: 23643, Time: 01:10:46

Health: -13/136    AC:  0    Str: 25    XL:     15   Next: 59%
Magic:  16/16      EV: 17    Int:  5    God:    Okawaru [******]
Gold:   182        SH:  0    Dex: 12    Spells: 15/15 levels left

rFire    . . .     SeeInvis .     - Unarmed
rCold    . . .     Gourm    .   (shield currently unavailable)
rNeg     . . .     Faith    .   (armour currently unavailable)
rPois    .         Spirit   .   (helmet currently unavailable)
rElec    .         Reflect  .   (cloak currently unavailable)
rCorr    .         Harm     .   (gloves currently unavailable)
MR       +....                  (boots currently unavailable)
Stlth    ++........             (no amulet)
HPRegen  0.32/turn              (ring currently unavailable)
MPRegen  0.15/turn              (ring currently unavailable)

@: about to teleport, pig-form, slowed, studying Ice Magic
A: small, (retaliatory headbutt)
a: Heroism, Finesse, Renounce Religion


You were on level 13 of the Dungeon.
You worshipped Okawaru.
Okawaru was exalted by your worship.
You were hungry.
You were a filthy swine.
You visited 3 branches of the dungeon, and saw 18 of its levels.
You also visited: Ossuary and Ice Cave.

You collected 2157 gold pieces.
You spent 1975 gold pieces at shops.

Inventory:

Hand Weapons
 a - a +5 falchion of freezing
 b - a +3 scimitar of flaming (melded)
 O - the +3 halberd "Xaxkyal" {chop, rPois Dex+4, unknown}
   (Okawaru gifted it to you on level 1 of the Orcish Mines)

   It inflicts extra damage upon your enemies.
   It affects your dexterity (+4).
   It protects you from poison.
Armour
 c - a +2 shield of protection (melded)
 g - a +0 chain mail
 n - a +2 cloak of poison resistance (melded)
 x - a +2 hat (melded)
 z - a +0 plate armour
 J - a +2 pair of gloves of strength (melded)
 L - a +2 pair of boots of stealth (melded)
 N - a +0 pair of boots
 P - the +0 chain mail "Liuxooc" (melded) {rN+ Str+6 Dex-3}
   (You bought it in a shop on level 2 of the Orcish Mines)

   It affects your strength (+6).
   It affects your dexterity (-3).
   It protects you from negative energy.
Jewellery
 r - an uncursed ring of resist corrosion
 v - an uncursed ring of protection from cold
 w - a ring of poison resistance (melded)
 G - a +5 ring of dexterity
 I - an uncursed ring of ice {unknown}
 Q - a ring of protection from magic (melded)
Wands
 l - a wand of paralysis (7)
 m - a wand of iceblast (24)
 q - a wand of random effects (26)
 A - a wand of enslavement (13)
 D - a wand of digging (9)
 K - a wand of acid (6)
 T - a wand of flame (16)
 V - a wand of disintegration (14)
Scrolls
 h - a scroll of summoning
 i - 11 scrolls of remove curse
 j - 4 scrolls of teleportation
 t - a scroll of noise {unknown}
 y - 2 scrolls of amnesia
 B - 7 scrolls of identify
 E - 2 scrolls of magic mapping
 H - 3 scrolls of immolation {unknown}
 R - 3 scrolls of fear {unknown}
Potions
 d - 3 potions of might
 e - 4 potions of resistance
 k - 2 potions of berserk rage
 o - a potion of agility
 p - 2 potions of heal wounds
 s - 3 potions of flight
 u - 3 potions of haste
 M - 6 potions of curing
 S - 2 potions of mutation
 U - a potion of ambrosia
Books
 C - a manual of Ice Magic
 F - a manual of Ice Magic
Comestibles
 f - 26 rations


   Skills:
 + Level 13.3 Fighting
 + Level 16.2 Long Blades
 + Level 1.7 Polearms
 + Level 1.5 Throwing
 + Level 12.8 Armour
 + Level 5.3 Dodging
 + Level 2.4 Stealth
 + Level 17.1 Shields
 + Level 1.9 Unarmed Combat
 + Level 0.7 Spellcasting
 + Level 1.3 Ice Magic
 + Level 3.2 Invocations
 + Level 2.2 Evocations


You had 15 spell levels left.
You didn't know any spells.
Your spell library contained the following spells:

 Spells                   Type           Power        Failure   Level  Hunger
 Animate Skeleton         Necr           N/A          45%         1    ##.....
 Beastly Appendage        Tmut           #.....       45%         1    ##.....
 Confusing Touch          Hex            #.....       45%         1    ##.....
 Magic Dart               Conj           #...         45%         1    ##.....
 Sandblast                Erth           #.....       45%         1    ##.....
 Summon Small Mammal      Summ           #...         45%         1    ##.....
 Blink                    Tloc           N/A          58%         2    ###....
 Call Imp                 Summ           #.......     58%         2    ###....
 Passwall                 Tmut/Erth      #.......     58%         2    ###....
 Slow                     Hex            #.......     58%         2    ###....
 Sticks to Snakes         Tmut           #.......     58%         2    ###....
 Sublimation of Blood     Necr           #.........   58%         2    ###....
 Call Canine Familiar     Summ           #.......     83%         3    ####...
 Confuse                  Hex            #.......     83%         3    ####...
 Conjure Flame            Conj/Fire      #.......     83%         3    ####...
 Gell's Gravitas          Tloc           #.........   83%         3    ####...
 Ignite Poison            Fire/Tmut/Pois #.......     83%         3    ####...
 Mephitic Cloud           Conj/Pois/Air  #.......     83%         3    ####...
 Spider Form              Tmut/Pois      #.........   83%         3    ####...
 Stone Arrow              Conj/Erth      #.....       83%         3    ####...
 Summon Guardian Golem    Hex/Summ       #.......     83%         3    ####...
 Ice Form                 Ice/Tmut       #.......     98%         4    #####..
 Summon Ice Beast         Ice/Summ       #.......     98%         4    #####..
 Cause Fear               Hex            #.........   99%         4    #####..
 Petrify                  Tmut/Erth      #.......     99%         4    #####..
 Summon Lightning Spire   Summ/Air       #.......     99%         4    #####..
 Alistair's Intoxication  Tmut/Pois      #.......     100%        5    ######.
 Blade Hands              Tmut           #.........   100%        5    ######.
 Bolt of Draining         Conj/Necr      #.........   100%        5    ######.
 Bolt of Magma            Conj/Fire/Erth #.........   100%        5    ######.
 Excruciating Wounds      Chrm/Necr      #.........   100%        5    ######.
 Irradiate                Conj/Tmut      #.........   100%        5    ######.
 Iskenderun's Battlesphe  Conj/Chrm      #.......     100%        5    ######.
 Lee's Rapid Deconstruct  Erth           #.........   100%        5    ######.
 Metabolic Englaciation   Hex/Ice        #.........   100%        5    ######.
 Silence                  Hex/Air        #.........   100%        5    ######.
 Venom Bolt               Conj/Pois      #.........   100%        5    ######.
 Yara's Violent Unravell  Hex/Tmut       #.........   100%        5    ######.
 Deflect Missiles         Chrm/Air       #.........   100%        6    #######
 Iron Shot                Conj/Erth      #.........   100%        6    #######
 Orb of Destruction       Conj           #.........   100%        7    #######
 Spellforged Servitor     Conj/Summ      #.........   100%        7    #######
 Discord                  Hex            #.........   100%        8    #######


Dungeon Overview and Level Annotations

Branches:
Dungeon (13/15)            Temple (0/1) D:4            Lair (3/6) D:9
  Snake (0/4) Lair:2          Orc (2/2) D:11            Elf (0/3) Orc:2
Ossuary (visited)           IceCv (visited)
  Swamp: Lair:2-4    Shoals: Lair:2-4    Vaults: D:13-14

Altars:
Ashenzari
Dithmenos
Elyvilon
Fedhas
Gozag
Hepliaklqana
Kikubaaqudgha
Nemelex Xobeh
Okawaru
Qazlal
Sif Muna
Trog
Vehumet
Xom
Yredelemnul
Beogh

Shops:
D:5 ?   D:9 (   D:12 ((}   Orc:2 ![}[}

Annotations:
D:13 Kirke


Innate Abilities, Weirdness & Mutations

((You reflexively headbutt those who attack you in melee.))
((You have a pair of horns on your head.))


Message History

Kirke casts a spell.
Kirke summons some harpies!
There is an open door here.
As you read the scroll of teleportation, it crumbles to dust.
You feel strangely unstable.
The centaur warrior unwields a +0 shortbow.
The centaur warrior barely misses you. The harpy claws you.
* * * LOW HITPOINT WARNING * * *
The harpy closely misses you. The centaur warrior hits you!
* * * LOW HITPOINT WARNING * * *
The harpy completely misses you. The harpy closely misses you.
The harpy barely misses you. x2
The harpy misses you. The harpy claws you!
* * * LOW HITPOINT WARNING * * *
The harpy claws you.
* * * LOW HITPOINT WARNING * * *
The harpy closely misses you. The harpy barely misses you. The harpy claws you.
* * * LOW HITPOINT WARNING * * *
The harpy claws you!!
You die...

.##...)...##..#........##.....#..
####..##############...##.....#..
...'..##..##########...##.....#..
#..#......##...........#......#h.
...#......##...........#......#.#
...##.###################.....#..
....#.##......#.#####..##.)...#h.
....#..#.####.#.H.H#....(((...#..
....#..'......#.hHH'@c......(.#..
....#..#......#######(.##.....#.#
....#################..##.....#.#
###.....#..........##.....(.(.#..
..#..##.#..........##.).......#..
..#..##.#..........##...).....#.#
###..##.††.........##..##.....#..
..'.....#######....######.....#..
..#...††#######....#....#..)).#..


You could see Kirke, a centaur warrior and 4 harpies.

Vanquished Creatures
  Rupert (D:13)
  An orc warlord (Orc:1)
  Josephine (D:13)
  A fire dragon (shapeshifter) (D:9)
  Harold (D:8)
  Erolcha (Orc:2)
  A hydra (Lair:3)
  A centaur warrior (D:10)
  Erica (D:10)
  4 two-headed ogres
  An orc high priest (Orc:1)
  Urug (Lair:1)
  Sonja (D:13)
  5 skeletal warriors (D:13)
  3 orc knights
  2 oklob plants (Lair:3)
  A necromancer (IceCv)
  2 deep elf magi (D:9)
  A cyclops (D:11)
  An ugly thing (D:9)
  A manticore (D:8)
  9 orc sorcerers (Orc:2)
  2 elephants (Lair:3)
  An ice statue (IceCv)
  3 spiny frogs
  3 kobold demonologists
  A gargoyle (D:10)
  5 rime drakes
  3 komodo dragons
  10 freezing wraiths (IceCv)
  8 trolls
  A queen bee (Lair:3)
  A polar bear (Lair:3)
  A hornet (D:12)
  Prince Ribbit (D:6)
  A blink frog (shapeshifter) (D:13)
  7 hippogriffs
  3 blink frogs (Lair:2)
  A vampire (D:13)
  3 shadows
  10 hogs
  28 yaks
  8 basilisks
  9 wraiths
  A human (D:8)
  A hungry ghost (D:11)
  3 wyverns
  Eustachio (D:6)
  4 vampire mosquitoes (D:12)
  Menkaure (D:4)
  A soldier ant (D:13)
  3 nagas (Lair:2)
  2 acid dragons (D:9)
  8 water moccasins
  6 wargs
  Duvessa (D:6)
  2 black bears
  6 sky beasts
  25 orc warriors
  5 porcupines
  10 ice beasts
  2 necrophages
  2 phantoms
  17 wolves
  12 ogres
  8 crocodiles
  3 centaurs
  5 big kobolds
  9 bullfrogs
  A gnoll sergeant (D:8)
  Dowan (D:6)
  A water moccasin zombie (D:6)
  2 wyvern skeletons
  10 scorpions
  44 killer bees
  15 wights
  2 electric eels (D:10)
  A bullfrog zombie (D:12)
  2 howler monkeys (D:9)
  3 draconian simulacra (IceCv)
  A centaur zombie (D:6)
  10 crimson imps
  12 orc priests
  2 hounds
  A quasit (D:9)
  5 bullfrog skeletons
  A human zombie (D:7)
  9 jellies
  48 orc wizards
  2 centaur skeletons
  2 human skeletons (D:7)
  2 iguanas
  Ijyb (D:4)
  Natasha (twice) (D:1)
  4 spriggan simulacra (IceCv)
  6 worker ants
  2 polar bear simulacra (IceCv)
  2 wolf simulacra (IceCv)
  7 troll simulacra (IceCv)
  A centaur simulacrum (IceCv)
  A big kobold zombie (Ossuary)
  A hound skeleton (D:6)
  11 mummies
  Robin (D:2)
  8 gnolls
  2 ogre simulacra (IceCv)
  7 adders
  3 naga simulacra (IceCv)
  A river rat (Lair:3)
  4 shadow imps
  12 white imps (IceCv)
  An adder zombie (D:5)
  4 adder skeletons
  4 worms
  8 leopard geckos
  96 orcs
  2 ball pythons
  5 giant cockroaches
  12 goblins
  7 hobgoblins
  7 jackals
  7 quokkas
  9 bats
  5 frilled lizards
  A hobgoblin zombie (Ossuary)
  32 kobolds
  2 kobold zombies (Ossuary)
  A leopard gecko skeleton (D:6)
  2 orc skeletons (D:7)
  4 orc zombies (Ossuary)
  10 rats
761 creatures vanquished.

Vanquished Creatures (others)
  A killer bee (Lair:3)
  A leopard gecko (D:3)
  An orc (Orc:2)
  A fungus (Lair:3)
  6 plants
  A withered plant (D:6)
11 creatures vanquished.

Grand Total: 772 creatures vanquished

Notes
Turn   | Place    | Note
-------+----------+-------------------------------------------
     0 | D:1      | Peloso the Minotaur Fighter began the quest for the Orb.
     0 | D:1      | Reached XP level 1. HP: 19/19 MP: 0/0
   176 | D:1      | Reached XP level 2. HP: 27/27 MP: 1/1
   270 | D:1      | Reached skill level 4 in Shields
   710 | D:2      | Reached XP level 3. HP: 33/33 MP: 2/2
   738 | D:2      | Noticed Natasha
  1156 | D:1      | Killed Natasha
  1191 | D:1      | Noticed Natasha
  1200 | D:1      | Killed Natasha
  1200 | D:1      | Reached XP level 4. HP: 25/40 MP: 3/3
  1348 | D:2      | Noticed Robin
  1374 | D:2      | Killed Robin
  2359 | D:3      | Found a shimmering blue altar of Sif Muna.
  2416 | D:3      | Reached XP level 5. HP: 43/46 MP: 4/4
  2430 | D:3      | Noticed a moth of wrath
  2433 | D:3      | Found a bloodstained altar of Trog.
  2526 | D:3      | Found an opulent altar of Gozag.
  2552 | D:3      | Found a shimmering altar of Xom.
  2567 | D:3      | Found a white marble altar of Elyvilon.
  2578 | D:3      | Found a stormy altar of Qazlal.
  2974 | D:4      | Found an iron altar of Okawaru.
  3001 | D:4      | Became a worshipper of Warmaster Okawaru
  3034 | D:4      | Noticed Ijyb
  3046 | D:4      | Killed Ijyb
  3065 | D:4      | Reached skill level 1 in Dodging
  3130 | D:4      | Reached skill level 5 in Shields
  3159 | D:4      | Found a staircase to the Ecumenical Temple.
  3258 | D:4      | Noticed Menkaure
  3264 | D:4      | Killed Menkaure
  3264 | D:4      | Reached * piety under Okawaru
  3264 | D:4      | Reached skill level 5 in Long Blades
  3264 | D:4      | Reached skill level 5 in Armour
  3264 | D:4      | Reached XP level 6. HP: 53/53 MP: 5/5
  3515 | D:5      | Entered Level 5 of the Dungeon
  3515 | D:5      | Found a shadowy altar of Dithmenos.
  3612 | D:5      | Found Pogari's Magic Scroll Emporium.
  3628 | D:5      | Bought a scroll of teleportation for 36 gold pieces
  3628 | D:5      | Bought a scroll of remove curse for 36 gold pieces
  3628 | D:5      | Bought a scroll of random uselessness for 12 gold pieces
  3722 | D:5      | Reached ** piety under Okawaru
  3722 | D:5      | Reached XP level 7. HP: 40/60 MP: 6/6
  3756 | D:5      | Reached skill level 5 in Fighting
  3918 | D:6      | Noticed Eustachio
  3934 | D:6      | Killed Eustachio
  3934 | D:6      | Reached skill level 6 in Shields
  4102 | D:6      | Reached skill level 1 in Stealth
  4180 | D:6      | Noticed a two-headed ogre
  4189 | D:6      | Reached *** piety under Okawaru
  4189 | D:6      | Reached XP level 8. HP: 25/68 MP: 4/7
  4193 | D:6      | Killed a two-headed ogre
  4193 | D:6      | Reached **** piety under Okawaru
  4193 | D:6      | Reached skill level 7 in Shields
  4201 | D:6      | Reached skill level 1 in Invocations
  4455 | D:6      | Found an ancient bone altar of Kikubaaqudgha.
  4455 | D:6      | Found a blossoming altar of Fedhas.
  4515 | D:6      | Reached XP level 9. HP: 26/75 MP: 9/9
  4718 | D:6      | Noticed Duvessa
  4720 | D:6      | Noticed Dowan
  4738 | D:6      | Noticed Prince Ribbit
  4774 | D:6      | Killed Prince Ribbit
  5188 | D:6      | Reached skill level 8 in Shields
  5670 | D:6      | Killed Duvessa
  5671 | D:6      | Killed Dowan
  6136 | D:7      | Found a sand-covered staircase.
  6136 | D:7      | Noticed a two-headed ogre
  6140 | Ossuary  | Entered an ossuary
  6558 | D:7      | Killed a two-headed ogre
  6558 | D:7      | Reached ***** piety under Okawaru
  6558 | D:7      | Reached skill level 10 in Long Blades
  6856 | D:7      | Found a hazy altar of Hepliaklqana.
  7127 | D:7      | Received a gift from Okawaru
  7127 | D:7      | Reached XP level 10. HP: 54/86 MP: 10/10
  7427 | D:7      | Found a basalt altar of Yredelemnul.
  7525 | D:7      | Reached skill level 9 in Shields
  7784 | D:8      | Found a sparkling altar of Nemelex Xobeh.
  7814 | D:8      | Noticed Harold
  7831 | D:8      | Killed Harold
  7925 | D:8      | Noticed a manticore
  8350 | D:8      | Killed a manticore
  8662 | D:8      | Received a gift from Okawaru
  9305 | D:8      | Reached skill level 10 in Shields
  9866 | D:9      | Reached XP level 11. HP: 95/97 MP: 11/11
 10146 | D:9      | Noticed a green ugly thing
 10168 | D:9      | Killed a green ugly thing
 10329 | D:9      | Reached skill level 11 in Shields
 10342 | D:9      | Identified Dagiege's Incunabulum of Twisted Stones
 10349 | D:9      | Identified the cursed +1 leather armour "Duoze" {rElec
                  | Int+3}
 10401 | D:9      | Noticed a two-headed ogre
 10424 | D:9      | Killed a two-headed ogre
 10424 | D:9      | Received a gift from Okawaru
 10562 | D:9      | Noticed a fire dragon
 10588 | D:9      | Killed a fire dragon
 11000 | D:9      | Found Meravon's Antique Weapon Boutique.
 11017 | D:9      | Bought a glowing falchion for 180 gold pieces
 11143 | D:9      | Noticed a deep elf mage
 11144 | D:9      | Noticed a deep elf mage
 11189 | D:9      | Killed a deep elf mage
 11209 | D:9      | Killed a deep elf mage
 11372 | D:9      | Found a shattered altar of Ashenzari.
 11627 | D:9      | Found a staircase to the Lair.
 11843 | D:10     | Entered Level 10 of the Dungeon
 11883 | D:10     | Reached skill level 12 in Shields
 12025 | D:10     | Reached skill level 10 in Fighting
 12101 | D:10     | Noticed Erica
 12117 | D:10     | Killed Erica
 12117 | D:10     | Reached ****** piety under Okawaru
 12117 | D:10     | Received a gift from Okawaru
 12187 | D:10     | Reached skill level 1 in Unarmed Combat
 12187 | D:10     | Reached XP level 12. HP: 98/106 MP: 12/12
 12430 | D:10     | Noticed a centaur warrior
 12448 | D:10     | Killed a centaur warrior
 12750 | D:11     | Reached skill level 10 in Armour
 12865 | D:11     | Found a staircase to the Orcish Mines.
 12896 | D:11     | Received a gift from Okawaru
 12906 | D:11     | Reached skill level 1 in Evocations
 13231 | D:11     | Found a roughly hewn altar of Beogh.
 13536 | Lair:1   | Entered Level 1 of the Lair of Beasts
 13899 | Lair:1   | Noticed Urug
 13912 | Lair:1   | Killed Urug
 13998 | Lair:1   | Reached skill level 13 in Shields
 14644 | Lair:2   | Found a staircase to the Snake Pit.
 14802 | Lair:2   | Received a gift from Okawaru
 15639 | Lair:3   | Reached skill level 14 in Shields
 15772 | Lair:3   | Noticed an eight-headed hydra
 15781 | Lair:3   | Killed a five-headed hydra
 15781 | Lair:3   | Reached XP level 13. HP: 116/116 MP: 13/13
 16331 | Lair:3   | Received a gift from Okawaru
 17647 | D:12     | Reached skill level 15 in Shields
 17752 | D:12     | Found Xuubyhi's Gadget Shoppe.
 17772 | D:12     | Reached skill level 15 in Long Blades
 17782 | D:12     | Bought a wand of digging (6) for 220 gold pieces
 17846 | D:12     | Found Hohepat's Weapon Shoppe.
 18054 | D:12     | Found Souhokk's Weapon Boutique.
 18135 | Orc:1    | Entered Level 1 of the Orcish Mines
 18138 | Orc:1    | Found a frozen archway.
 18219 | IceCv    | Entered an ice cave
 18728 | IceCv    | Found an ancient bone altar of Kikubaaqudgha.
 18901 | IceCv    | Got a slimy scimitar
 18902 | IceCv    | Identified the +8 scimitar of Untruth {distort, rN++ Dex+2}
                  | (You found it in an ice cave)
 19345 | Orc:1    | Found a shimmering blue altar of Sif Muna.
 19510 | Orc:2    | Entered Level 2 of the Orcish Mines
 19549 | Orc:2    | Noticed an orc warlord
 19550 | Orc:2    | Found Tayps's Gadget Boutique.
 19844 | Orc:1    | Killed an orc warlord
 19844 | Orc:1    | Received a gift from Okawaru
 19844 | Orc:1    | Reached skill level 16 in Shields
 19844 | Orc:1    | Reached XP level 14. HP: 66/127 MP: 11/14
 19847 | Orc:1    | Got a shimmering halberd {god gift}
 20408 | Orc:2    | Found a staircase to the Elven Halls.
 20581 | Orc:2    | Found Guib's Antique Armour Boutique.
 20636 | Orc:2    | Found Ziedateo's Gadget Shop.
 20680 | Orc:2    | Found a radiant altar of Vehumet.
 20682 | Orc:2    | Noticed Erolcha
 20701 | Orc:2    | Killed Erolcha
 20708 | Orc:2    | Found Qoiclu's Antique Armour Shop.
 20722 | Orc:2    | Paralysed by an orc sorcerer for 5 turns
 21057 | Orc:2    | Found an ancient bone altar of Kikubaaqudgha.
 21184 | Orc:2    | Bought a pair of glowing boots for 240 gold pieces
 21218 | Orc:2    | Bought a topaz-studded chain mail for 351 gold pieces
 21229 | Orc:2    | Identified the cursed +0 chain mail "Liuxooc" {rN+ Str+6
                  | Dex-3} (You bought it in a shop on level 2 of the Orcish
                  | Mines)
 21250 | Orc:2    | Found a roughly hewn altar of Beogh.
 21250 | Orc:2    | Found Ynta's Distillery.
 22187 | Orc:2    | Bought a potion of experience for 900 gold pieces
 22189 | Orc:2    | Reached skill level 1 in Polearms
 22189 | Orc:2    | Reached skill level 1 in Throwing
 22189 | Orc:2    | Reached skill level 5 in Dodging
 22189 | Orc:2    | Reached skill level 1 in Ice Magic
 22189 | Orc:2    | Reached XP level 15. HP: 134/134 MP: 16/16
 22651 | D:13     | Received a gift from Okawaru
 22965 | D:13     | Noticed Josephine
 22983 | D:13     | Killed Josephine
 23004 | D:13     | Noticed Kirke
 23203 | D:13     | Reached skill level 17 in Shields
 23264 | D:13     | Noticed Rupert
 23273 | D:13     | Killed Rupert
 23347 | D:13     | Noticed Sonja
 23350 | D:13     | Killed Sonja
 23643 | D:13     | HP: 5/136 [harpy[Kirke] (5)]
 23643 | D:13     | Mangled by a harpy

Levels and vault maps discovered:
D:1:      denvon_arrival_planthouse, layout_basic, minmay_misc_feat_nine_boxes,
          minivault_5, chequers_serial_rivers_micro_b
D:2:      layout_basic, minmay_misc_feat_plants, uniq_robin, uniq_natasha
D:3:      layout_basic, elyvilon_altar_4, marbit_many_paths, tgw_trog,
          lemuel_coloured_pillars_altar, grunt_qazlal_clouds, xom_teletrap_fun
D:4:      layout_loops_ring, okawaru_trees_1, minmay_temple_entry_tees,
          first_ration, chequers_serial_rivers_marsh, uniq_ijyb, uniq_menkaure
D:5:      layout_basic, nicolae_overflow_hidden_temple, serial_shops, shop
D:6:      layout_loops_ring, grunt_temple_overflow_growth_and_decay,
          minmay_pentangle, uniq_prince_ribbit1, uniq_duvessa, uniq_eustachio
D:7:      layout_rooms, lemuel_mausoleum_altar_yredelemnul,
          nicolae_overflow_crystal_walls, nicolae_ossuary_entry_false_entrances
D:8:      layout_basic, old_standard_altar, grunt_livestock,
          grunt_decor_clamped, uniq_harold
D:9:      minmay_the_grid_3x3 [minmay_the_grid_doors,
          minmay_the_grid_outer_diamond, minmay_the_grid_garden,
          minmay_the_grid_spikes, minmay_the_grid_aliased_spiral,
          minmay_the_grid_all_tris, minmay_the_grid_empty,
          minmay_the_grid_tri_star,
          minmay_the_grid_prize_four_corners_diamond_a], layout_basic,
          erik_lair_dragon, serial_shops, kennysheep_mini_moat,
          ashenzari_altar_1
D:10:     layout_basic, minivault_14, grunt_ministairs_11, uniq_erica
D:11:     layout_basic, minmay_orc_entry_temple_small
D:12:     layout_cave_pools, serial_shops,
          nicolae_shop_temple_entry_statues_fountains, shop,
          nicolae_shop_behind_doors
D:13:     layout_stronghold, uniq_josephine, uniq_rupert, uniq_kirke, uniq_sonja
Lair:1:   layout_small_grid, uniq_urug
Lair:2:   layout_gridlike, minmay_snake_entry_guardpost_small,
          grunt_megastairs_3
Lair:3:   regret_index_harrowing_hell_hive, layout_hall_layers, serial_forest,
          infiniplex_forest_lined_3, infiniplex_forest_straight_2,
          infiniplex_forest_clump_tiny, infiniplex_forest_clump_double,
          infiniplex_forest_clump_curved, infiniplex_forest_lined_4_way
Orc:1:    layout_diamond_mine, portal_ice_cave_rime, led_sif_book
Orc:2:    kennysheep_orc_mage_school, layout_diamond_mine, serial_shops, shop,
          nicolae_orc_pool_cavern, guppyfry_library_mini

Skill      XL: |  1  2  3  4  5  6  7  8  9 10 11 12 13 14 15 |
---------------+----------------------------------------------+-----
Armour         | 4 5 6 7 8 9 11 12 | 12.8
Shields        | 4 5 6 7 8 10 12 14 16 17 | 17.1
Fighting       | 4 5 7 9 10 11 12 13 | 13.3
Long Blades    | 3 5 7 8 10 12 13 14 15 16 | 16.2
Dodging        | 1 2 3 4 5 |  5.3
Stealth        | 1 2 |  2.4
Invocations    | 1 2 3 |  3.2
Unarmed Combat | 1 |  1.9
Evocations     | 1 2 |  2.2
Polearms       | 1 |  1.7
Throwing       | 1 |  1.5
Ice Magic      | 1 |  1.3
Spellcasting   | |  0.7

Action                   |  1- 3 |  4- 6 |  7- 9 | 10-12 | 13-15 || total
-------------------------+-------+-------+-------+-------+-------++-------
Melee: Long sword        |    64 |   168 |   279 |   529 |       ||  1040
       Headbutt          |     5 |    38 |    63 |   308 |   256 ||   670
       Unarmed           |       |       |    14 |     5 |     1 ||    20
       Falchion          |       |       |       |   267 |       ||   267
       Scimitar          |       |       |       |   187 |   938 ||  1125
Invok: Heroism           |       |       |     7 |     9 |     6 ||    22
       Finesse           |       |       |       |       |     1 ||     1
Evoke: Wand              |       |       |     4 |    10 |     6 ||    20
  Use: Potion            |       |     1 |     5 |     4 |     2 ||    12
       Scroll            |       |       |    11 |     4 |    10 ||    25
  Eat: Chunk             |       |     8 |     8 |    20 |    22 ||    58
       Ration            |       |       |     1 |     3 |     1 ||     5
Armor: Scale mail        |    34 |    51 |    52 |       |       ||   137
       Chain mail        |       |       |    38 |    65 |    70 ||   173
       Plate armour      |       |       |       |   286 |   319 ||   605
       Skin              |       |       |       |     1 |       ||     1
Dodge: Dodged            |    22 |    54 |    87 |   256 |   290 ||   709
Block: Shield            |    37 |   101 |   155 |   728 |   830 ||  1851
       Rpst.: Long sword |     7 |    14 |    20 |    25 |       ||    66
       Falchion          |       |       |       |    11 |       ||    11
       Scimitar          |       |       |       |    19 |    70 ||    89
